 Dungeon Crawl Stone Soup version 0.31.0-12-g77e489cdc1 (webtiles) character file.

Game seed: 2431911933123206419

452 NotreDorf the Magician (level 6, -9/41 HPs)
             Began as a Mummy Alchemist on Feb 12, 2024.
             Was an Initiate of Makhleb.
             Mangled by Duvessa
             ... wielding a +3 short sword
              (22 damage)
             ... on level 4 of the Dungeon.
             The game lasted 00:13:00 (3159 turns).

NotreDorf the Magician (Mummy Alchemist)            Turns: 3159, Time: 00:13:01

Health: -9/41      AC:  2    Str: 11    XL:     6   Next: 75%
Magic:  1/13       EV: 12    Int: 17    God:    Makhleb [......]
Gold:   159        SH:  0    Dex: 12    Spells: 4/14 levels left

rFire   x . .        c - +1 short sword
rCold   + . .        (no shield)
rNeg    + + +        a - +0 robe
rPois   ∞            (no helmet)
rElec   .            (no cloak)
rCorr   .            (no gloves)
SInv    .            (no boots)
Will    .....        (no amulet)
Stlth   ++           (no ring)
HPRegen 0.26/turn    (no ring)
MPRegen 0.13/turn

%: faith
@: very slightly contaminated
A: cold resistance 1, negative energy resistance 3, torment resistance 2, heat
vulnerability 1, in touch with death 1, no potions, faith
a: Renounce Religion


You were on level 4 of the Dungeon.
You worshipped Makhleb.
Makhleb was noncommittal.
You visited 2 branches of the dungeon, and saw 5 of its levels.

You collected 159 gold pieces.

Inventory:

Hand Weapons
 c - a +1 short sword (weapon)
Armour
 a - a +0 robe (worn)
Wands
 h - a wand of flame (15)
Scrolls
 b - 2 scrolls of noise {unknown}
 d - a scroll of enchant weapon
 e - a scroll of blinking {unknown}
 f - a scroll of identify {unknown}
 g - a scroll of fear {unknown}


   Skills:
 - Level 1.8 Dodging
 - Level 1.5 Stealth
 + Level 4.9 Spellcasting
 + Level 2.8 Conjurations
 + Level 0.7 Fire Magic
 + Level 2.3 Air Magic
 + Level 3.7 Alchemy


You had 4 spell levels left.
You knew the following spells:

 Your Spells              Type           Power      Damage    Failure   Level
a - Sting                 Conj/Alch      60%        1d6       3%          1
b - Mercury Vapours       Alch/Air       28%        N/A       6%          2
c - Mephitic Cloud        Conj/Alch/Air  14%        N/A       13%         3
d - Sticky Flame          Fire/Alch      11%        2d5       50%         4

Your spell library contained the following spells:

 Spells                   Type           Power      Damage    Failure   Level
 Summon Small Mammal      Summ           16%        N/A       14%         1
 Olgreb's Toxic Radiance  Alch           17%        N/A       30%         4
 Call Canine Familiar     Summ           4%         N/A       41%         3
 Summon Blazeheart Golem  Fire/Summ      5%         N/A       77%         4


Dungeon Overview and Level Annotations

Branches:
Dungeon (4/15)             Temple (1/1) D:4

Altars:
Cheibriados
Dithmenos
Kikubaaqudgha
Makhleb
Nemelex Xobeh
Sif Muna
Trog
Uskayaw
Vehumet
Wu Jian
Xom
Yredelemnul

Shops:
D:3 !

Annotations:
D:4 Duvessa


Innate Abilities, Weirdness & Mutations

You are immune to poison.
Your flesh is cold resistant. (rC+)
You are immune to negative energy. (rN+++)
You are immune to unholy pain and torment.
You are vulnerable to heat. (rF-)
You are in touch with the powers of death.
You do not drink.
You have a special connection with the divine. (Faith)


Message History

Makhleb accepts your kill.
The gnoll hits itself with a +0 whip!
The gnoll is killed!
Makhleb accepts your kill. The hound bites you.
You see here a +0 club.
Casting: Mephitic Cloud (dangerous; 13% risk of failure)
Confirm with . or Enter, or press ? or * to list all spells.
Aiming: Mephitic Cloud (dangerous; 13% risk of failure)
Press: ? - help, Shift-Dir - straight line, f - hound
Aim: a hound (chance to affect: 86%)
The ball explodes into a vile cloud!
The stinking cloud engulfs the hound.
The stinking cloud engulfs you.
The stinking cloud engulfs Duvessa.
The hound is engulfed in noxious fumes.
The hound appears confused.
The hound bites you.
Duvessa is engulfed in noxious fumes.
You closely miss the hound.
The hound is engulfed in noxious fumes.
The hound appears confused.
The hound barely misses Duvessa.
Duvessa is engulfed in noxious fumes.
Duvessa appears confused.
The hound is engulfed in noxious fumes.
The hound appears confused.
The hound closely misses you.
The hound bites itself.
Duvessa is engulfed in noxious fumes.
Duvessa appears confused.
Duvessa hits the hound with a +3 short sword!!
The hound is killed!
Makhleb accepts your kill.
Duvessa is engulfed in noxious fumes.
Duvessa appears confused.
Duvessa hits the gnoll with a +3 short sword.
The gnoll hits you from afar with a +0 spear.
* * * LOW HITPOINT WARNING * * *
You see here a +0 whip.
You hit Duvessa but do no damage.
Duvessa is engulfed in noxious fumes.
Duvessa appears confused.
Duvessa barely misses you. The gnoll misses you.
Duvessa is engulfed in noxious fumes.
Duvessa appears confused.
You hit Duvessa but do no damage.
Duvessa is engulfed in noxious fumes.
Duvessa appears confused.
Duvessa closely misses you. The gnoll completely misses you.
You hit Duvessa.
Duvessa is lightly wounded.
Duvessa hits you with a +3 short sword!!
Ouch! That really hurt!
You die...

#.# #.# #†# #.. #.#
### #.# #.# #.# #.#
##
######○######..>#
........@eg......#
#######.####..#....
#..# ..... . #.##
.###.# #. g# .# #.
.# # #. .. ##


You could see Duvessa (berserk, confused) and a gnoll.

Vanquished Creatures
  Grinder (D:3)
  A scorpion (D:3)
  Dowan (D:4)
  A hound (D:4)
  Natasha (D:4)
  3 gnolls (D:4)
  An adder (D:2)
  2 dart slugs (D:3)
  A ribbon worm (D:3)
  6 orcs
  3 endoplasms (D:2)
  5 giant cockroaches
  3 goblins
  6 hobgoblins
  5 jackals
  9 kobolds
  4 ball pythons
  6 bats
  2 frilled lizards
  3 rats
64 creatures vanquished.

Notes
Turn   | Place    | Note
-------+----------+-------------------------------------------
     0 | D:1      | NotreDorf the Mummy Alchemist began the quest for the Orb.
     0 | D:1      | Reached XP level 1. HP: 13/13 MP: 4/4
   197 | D:1      | Reached skill level 1 in Conjurations
   409 | D:1      | Reached XP level 2. HP: 19/19 MP: 3/5
   465 | D:1      | Reached skill level 3 in Spellcasting
   576 | D:1      | Found a faded altar of an unknown god.
   844 | D:1      | Learned a level 2 spell: Mercury Vapours
   862 | D:2      | Found an ancient bone altar of Kikubaaqudgha.
  1102 | D:2      | Reached XP level 3. HP: 20/24 MP: 7/7
  1774 | D:2      | Learned a level 3 spell: Mephitic Cloud
  1963 | D:3      | Noticed Grinder
  1978 | D:4      | Noticed Duvessa
  1978 | D:4      | Noticed Dowan
  1997 | D:3      | Paralysed by Grinder for 2 turns
  2095 | D:3      | Noticed a scorpion
  2100 | D:3      | Killed a scorpion
  2101 | D:3      | Reached skill level 1 in Air Magic
  2101 | D:3      | Reached XP level 4. HP: 30/30 MP: 4/9
  2288 | D:3      | Found Huenem's Distillery.
  2393 | D:3      | Paralysed by Grinder for 2 turns
  2398 | D:3      | Paralysed by Grinder for 2 turns
  2401 | D:3      | Killed Grinder
  2402 | D:3      | Reached skill level 4 in Spellcasting
  2402 | D:3      | Reached XP level 5. HP: 35/35 MP: 9/11
  2402 | D:3      | Reached XP level 6. HP: 41/41 MP: 9/12
  2670 | D:4      | Found a staircase to the Ecumenical Temple.
  2732 | Temple   | Entered the Ecumenical Temple
  2800 | Temple   | Became a worshipper of Makhleb the Destroyer
  2862 | D:4      | Learned a level 4 spell: Sticky Flame
  3089 | D:4      | Noticed Natasha
  3098 | D:4      | Killed Natasha
  3143 | D:4      | Killed Dowan
  3159 | D:4      | Mangled by Duvessa

Illustrated notes

Levels and vault maps discovered:
D:1:      giann_wishing_wells, layout_basic,
          shapermc_ecumenical_altar_mp_urbaneastern, minmay_tripent
D:2:      layout_basic, basic_altar, kennysheep_generic_room_9
D:3:      layout_loops_ring, serial_shops, shop, uniq_grinder
D:4:      layout_loops_ring, minmay_temple_entry_drinking_statues,
          lightli_ossuary_entry_decrepit_ruins, uniq_natasha, uniq_duvessa
Temple:   minmay_temple_curvy_branch

Skill      XL: |  1  2  3  4 |
---------------+-------------+-----
Conjurations   | 1 2 |  2.8
Spellcasting   | 3 4 |  4.9
Air Magic      | 1 2 |  2.3
Alchemy        | 3 |  3.7
Dodging        | |  1.8
Stealth        | |  1.5
Fire Magic     | |  0.7

Action                     |  1- 3 |  4- 6 || total
---------------------------+-------+-------++-------
  Melee: Short sword       |    15 |    26 ||    41
   Cast: Sting             |    53 |    35 ||    88
         Mercury Vapours   |       |     2 ||     2
         Mephitic Cloud    |       |     2 ||     2
  Evoke: Wand              |       |     8 ||     8
    Use: Scroll            |     1 |       ||     1
   Stab: Confused          |       |     1 ||     1
 Armour: Robe              |    21 |    17 ||    38
  Dodge: Dodged            |    19 |    15 ||    34
